 Dungeon Crawl Stone Soup version 0.25-a0-290-g4a1327ee3a (webtiles) character file.

Game seed: 6686431304597821179, levelgen mode: deterministic

696 MoonlitKnight the Spear-Bearer (level 7, 0/55 HPs)
             Began as a Merfolk Gladiator on Dec 14, 2019.
             Was an Initiate of Ashenzari.
             Slain by a centaur (6 damage)
             ... on level 5 of the Dungeon.
             The game lasted 00:07:44 (4467 turns).

MoonlitKnight the Spear-Bearer (Merfolk Gladiator)  Turns: 4467, Time: 00:07:44

Health: 0/55       AC:  8    Str: 16    XL:     7   Next: 64%
Magic:  7/7        EV: 14    Int:  7    God:    Ashenzari [......]
Gold:   144        SH:  0    Dex: 16    Spells: 6/6 levels left

rFire    . . .     SeeInvis .   a - +0 trident
rCold    . . .     Gourm    .   (no shield)
rNeg     . . .     Faith    .   u - +0 ring mail
rPois    .         Spirit   .   r - +0 helmet (curse)
rElec    .         Reflect  .   g - +0 cloak
rCorr    .         Harm     .   (no gloves)
MR       .....                  w - +0 pair of boots
Stlth    +.........             (no amulet)
HPRegen  0.18/turn              (no ring)
MPRegen  0.10/turn              (no ring)

@: lethally poisoned (0 -> -1)
A: change form in water, swift swim, stealthy swim
a: Curse Item, Renounce Religion


You were on level 5 of the Dungeon.
You worshipped Ashenzari.
Ashenzari was noncommittal.
You were not hungry.

You visited 2 branches of the dungeon, and saw 6 of its levels.

You collected 144 gold pieces.

Inventory:

Hand Weapons
 a - a +0 trident (weapon)
Missiles
 d - 3 throwing nets (quivered)
Armour
 b - a +0 leather armour
 c - a +0 helmet
 g - a +0 cloak (worn)
 r - a cursed +0 helmet (worn)
 u - a +0 ring mail (worn)
 w - a +0 pair of boots (worn)
Scrolls
 i - 5 scrolls of enchant armour {unknown}
 j - a scroll of blinking {unknown}
 k - 2 scrolls of fog {unknown}
 n - 3 scrolls of teleportation {unknown}
 o - a scroll of random uselessness {unknown}
 p - 5 scrolls of identify {unknown}
 y - a scroll of magic mapping {unknown}
 z - a scroll of enchant weapon {unknown}
 B - 2 scrolls of remove curse
 E - a scroll of amnesia {unknown}
Potions
 e - a potion of flight {unknown}
 h - 3 potions of haste {unknown}
 l - 2 potions of degeneration {unknown}
 m - 3 potions of brilliance {unknown}
 q - a potion of agility {unknown}
 s - 2 potions of berserk rage {unknown}
 t - a potion of might {unknown}
 v - 2 potions of curing {unknown}
 C - a potion of mutation {unknown}
Comestibles
 f - 12 rations
 x - 4 chunks of flesh


   Skills:
 + Level 4.5 Fighting
 * Level 8.6 Polearms
 + Level 4.0 Throwing
 + Level 6.2 Dodging


You had 6 spell levels left.
You didn't know any spells.
Your spell library was empty.

Dungeon Overview and Level Annotations

Branches:
Dungeon (5/15)             Temple (1/1) D:4

Altars:
Ashenzari
Cheibriados
Dithmenos
Elyvilon
Fedhas
Gozag
Hepliaklqana
Kikubaaqudgha
Makhleb
Nemelex Xobeh
Okawaru
Qazlal
Ru
Sif Muna
Trog
Uskayaw
Vehumet
Wu Jian
Yredelemnul
Zin
The Shining One

Shops:
D:4 (


Message History

You feel a bit more experienced.
You feel sick.
Your legs become a tail as you enter the water.
Your +0 pair of boots melds into your body.
Your +0 pair of boots unmelds from your body.
A centaur comes into view.
The centaur shouts!
You hear a shout!
The centaur wields a +0 shortbow.
The centaur shoots an arrow.
The arrow barely misses you.
You hear a shout!
Things that are here:
an arrow; a worker ant corpse You feel sick.
You are too injured to fight recklessly!
You are too injured to fight recklessly!
You are too injured to fight recklessly!
You are too injured to fight recklessly!
You are too injured to fight recklessly!
The centaur unwields a +0 shortbow.
The centaur barely misses you. The centaur hits you.
You die...

######## ..
#......#
....###....$.#
......c(.....#
......#@≈....#####
..... #.........=##
.... #..<........#
# ...
..#..).).....[.
...................
c ....###.......>..
.................
...####..........
... ## ##........#


You could see a centaur.

Vanquished Creatures
  Menkaure (D:4)
  A sky beast (D:5)
  2 ogres
  A crimson imp (D:4)
  An orc priest (D:3)
  4 worker ants
  A hound skeleton (D:4)
  A gnoll (D:1)
  4 adders
  2 dart slugs
  3 leopard geckos
  8 orcs
  4 ball pythons
  3 giant cockroaches
  11 goblins
  12 hobgoblins
  A quokka (D:2)
  6 bats
  3 frilled lizards
  5 kobolds
  A quokka skeleton (D:5)
  8 rats
83 creatures vanquished.

Notes
Turn   | Place    | Note
-------+----------+-------------------------------------------
     0 | D:1      | MoonlitKnight the Merfolk Gladiator began the quest for the
                  | Orb.
     0 | D:1      | Reached XP level 1. HP: 16/16 MP: 1/1
   154 | D:1      | Reached XP level 2. HP: 23/23 MP: 2/2
   448 | D:1      | Reached skill level 5 in Polearms
   582 | D:1      | Reached XP level 3. HP: 26/28 MP: 3/3
  1243 | D:2      | Reached XP level 4. HP: 34/34 MP: 4/4
  1342 | D:2      | Found a faded altar of an unknown god.
  1733 | D:3      | Reached skill level 6 in Polearms
  1733 | D:3      | Reached XP level 5. HP: 39/41 MP: 5/5
  2275 | D:3      | Reached skill level 5 in Dodging
  2536 | D:3      | Found a sacrificial altar of Ru.
  2776 | D:4      | Found Cuig's Weapon Shoppe.
  2826 | D:4      | Noticed an ogre
  2833 | D:4      | Killed an ogre
  2833 | D:4      | Reached skill level 7 in Polearms
  2833 | D:4      | Reached XP level 6. HP: 47/47 MP: 6/6
  2979 | D:4      | Noticed Menkaure
  2988 | D:4      | Killed Menkaure
  2988 | D:4      | Reached XP level 7. HP: 31/54 MP: 7/7
  3185 | D:4      | Found a staircase to the Ecumenical Temple.
  3223 | Temple   | Entered the Ecumenical Temple
  3928 | Temple   | Became a worshipper of Ashenzari the Shackled
  4260 | D:5      | Entered Level 5 of the Dungeon
  4260 | D:5      | Found an opulent altar of Gozag.
  4312 | D:5      | Reached skill level 8 in Polearms
  4467 | D:5      | Slain by a centaur

Levels and vault maps discovered:
D:1:      saegor_arrival_simple_a, layout_rooms, st_stairs_4
D:2:      layout_basic, chequers_ecumenical_altar_simple_redux
D:3:      minmay_angry_zag, layout_basic, first_ration, nicolae_ru_path_of_blood
D:4:      layout_cave_pools, temple_fountains, serial_shops,
          nicolae_shop_statue_plus, grunt_decor_cap, uniq_menkaure
D:5:      layout_rooms, corner_web_ring,
          nicolae_gozag_cash_rules_everything_around_me
Temple:   nicolae_temple_the_god_donut

Skill      XL: |  1  2  3  4  5  6  7 |
---------------+----------------------+-----
Polearms       | 5 6 7 8 |  8.6
Fighting       | 3 4 |  4.5
Dodging        | 5 6 |  6.2
Throwing       | 3 4 |  4.0

Action                   |  1- 3 |  4- 6 |  7- 9 || total
-------------------------+-------+-------+-------++-------
Melee: Trident           |   119 |   168 |    65 ||   352
 Stab: Sleeping          |     1 |       |       ||     1
  Eat: Chunk             |     1 |     6 |       ||     7
       Ration            |       |       |     1 ||     1
Armor: Leather armour    |    26 |     2 |       ||    28
       Ring mail         |       |    35 |    24 ||    59
Dodge: Dodged            |    68 |   100 |    44 ||   212

Table legend:
 A = Non-vault XP
 B = Vault XP
 C = Vault XP percentage of total XP
 D = Non-vault monster count
 E = Vault monster count
 F = Vault count percentage of total count
                 A         B        C        D         E       F
            +---------+---------+-------+---------+---------+-------
      Total |     813 |     182 |  18.3 |      76 |       7 |   8.4
            +---------+---------+-------+---------+---------+-------
        D:1 |      44 |       6 |  12.0 |      19 |       2 |   9.5
        D:2 |      44 |       0 |   0.0 |      19 |       0 |   0.0
        D:3 |     114 |      11 |   8.8 |      23 |       4 |  14.8
        D:4 |     280 |     165 |  37.1 |       9 |       1 |  10.0
        D:5 |     331 |       0 |   0.0 |       6 |       0 |   0.0
            +---------+---------+-------+---------+---------+-------
